 Dungeon Crawl Stone Soup version 0.28-a0-863-g8cecda6153 (webtiles) character file.

Game seed: 17905177045533755929

109 siradein the Skirmisher (level 4, -1/37 HPs)
             Began as a Demonspawn Chaos Knight on Nov 19, 2021.
             Was a Plaything of Xom.
             Slain by Crazy Yiuf (11 damage)
             ... on level 2 of the Dungeon.
             The game lasted 00:09:08 (2373 turns).

siradein the Skirmisher (Demonspawn Chaos Knight)   Turns: 2373, Time: 00:09:09

Health: -1/37      AC:  6    Str: 14      XL:     4   Next: 60%
Magic:  1/4        EV: 15    Int: 12 (13) God:    Xom [*.....]
Gold:   114        SH:  3    Dex: 10      Spells: 3/3 levels left

rFire   . . .      SeeInvis .   m - +0 morningstar
rCold   . . .      Faith    .   i - +0 buckler
rNeg    . . .      Spirit   .   b - +2 leather armour
rPois   .          Reflect  .   (no helmet)
rElec   .          Harm     .   (no cloak)
rCorr   .          Rampage  .   h - +0 pair of gloves
Will    .....                   (no boots)
Stlth   +.........              (no amulet)
HPRegen 0.12/turn               e - +4 ring of evasion
MPRegen 0.09/turn               (no ring)

@: no status effects
A: condensation shield, demonic magic 1, claws 1, hooves 1, clumsy 1,
deterioration 1, screaming 1
a: Renounce Religion


You were on level 2 of the Dungeon.
You worshipped Xom.
You were a special plaything of Xom.
You visited 1 branch of the dungeon, and saw 2 of its levels.

You collected 114 gold pieces.

Inventory:

Hand Weapons
 a - a +0 mace of chaos
 m - a +0 morningstar (weapon)
Missiles
 j - 28 stones (quivered)
Armour
 b - a +2 leather armour (worn)
 h - a +0 pair of gloves (worn)
 i - a +0 buckler (worn)
Jewellery
 e - a +4 ring of evasion (left hand)
Scrolls
 c - a scroll of identify {unknown}
 d - a scroll of immolation {unknown}
 g - 2 scrolls of noise {unknown}
 l - a scroll of blinking {unknown}
Potions
 f - 2 potions of curing {unknown}
 k - 2 potions of degeneration {unknown}


   Skills:
 + Level 3.6 Fighting
 + Level 3.3 Maces & Flails
 + Level 2.5 Armour
 + Level 2.0 Dodging
 + Level 1.0 Shields


You had 3 spell levels left.
You didn't know any spells.
Your spell library was empty.

Dungeon Overview and Level Annotations

Branches:
Dungeon (2/15)

Altars:

Shops:
D:1 *

Annotations:
D:2 Crazy Yiuf


Innate Abilities, Weirdness & Mutations

A meltable shield of frost defends you. (SH +0)
Spells you cast may paralyse adjacent enemies.
You have sharp fingernails.
You have large cloven feet.
You are clumsy. (Dex -2)
Your body sometimes deteriorates upon taking damage.
You occasionally shout uncontrollably at your foes.


Message History

You feel yourself wasting away.
You barely miss Crazy Yiuf. Your kick misses Crazy Yiuf.
Crazy Yiuf hits you with a +2 quarterstaff of chaos.
Autopickup is now off.
Autopickup is now on.
You closely miss Crazy Yiuf. Your kick misses Crazy Yiuf.
Crazy Yiuf hits you with a +2 quarterstaff of chaos!
Your body deteriorates!
You feel dopey.
You feel your power leaking away. Crazy Yiuf misses you.
You closely miss Crazy Yiuf. Crazy Yiuf misses you.
You barely miss Crazy Yiuf. Crazy Yiuf closely misses you.
Crazy Yiuf says, "Reason is nothing but a wonderful and unintelligible Instinct in our souls."
Crazy Yiuf misses you.
You hit Crazy Yiuf.
Crazy Yiuf is lightly wounded.
You block Crazy Yiuf's attack.
You hit Crazy Yiuf. Your kick misses Crazy Yiuf.
Crazy Yiuf is moderately wounded.
You block Crazy Yiuf's attack.
Crazy Yiuf glowers.
Crazy Yiuf closely misses you.
You hit Crazy Yiuf.
Crazy Yiuf is heavily wounded.
Crazy Yiuf barely misses you.
You hit Crazy Yiuf.
Crazy Yiuf is heavily wounded.
You block Crazy Yiuf's attack.
You miss Crazy Yiuf. Your kick misses Crazy Yiuf.
Crazy Yiuf is heavily wounded.
Crazy Yiuf closely misses you.
Crazy Yiuf hits you with a +2 quarterstaff of chaos.
Your condensation shield dissipates!
Crazy Yiuf burns you.
You closely miss Crazy Yiuf.
Crazy Yiuf is heavily wounded.
Crazy Yiuf hits you with a +2 quarterstaff of chaos!
* * * LOW HITPOINT WARNING * * *
You convulse!
You die...

########### #.........#
#.#######.# #.# #.# ###
####### #.# #####.###..
#.....#####.###.........#
###....g@.......###.###..
♣♣♣♣♣####.#.#####...###
#.# ##. ♣♣♣.♣..#....#.#
#.....####.# #.
♣..♣.....)#.#.#
##.........# #.
.♣♣♣♣.......#.#
##.######## #. ♣♣
♣♣.#....#.# #.# #.
♣♣##.....# #.# ##.
#.##### ##'## #.# ###
##...## ##.


You could see Crazy Yiuf (agile).

Vanquished Creatures
  A gnoll (D:2)
  An adder (D:2)
  3 dart slugs
  4 ball pythons
  2 bats (D:1)
  5 endoplasms
  2 giant cockroaches
  2 goblins (D:2)
  5 hobgoblins
  6 quokkas
  A frilled lizard (D:1)
  6 kobolds
  5 rats (D:2)
43 creatures vanquished.

Vanquished Creatures (collateral kills)
  3 gnolls (D:2)
3 creatures vanquished.

Grand Total: 46 creatures vanquished

Notes
Turn   | Place    | Note
-------+----------+-------------------------------------------
     0 | D:1      | siradein the Demonspawn Chaos Knight began the quest for
                  | the Orb.
     0 | D:1      | Reached XP level 1. HP: 18/18 MP: 1/1
    56 | D:1      | XOM: potion effect (might)
    73 | D:1      | Reached skill level 1 in Dodging
   110 | D:1      | XOM: silly message
   229 | D:1      | Gained mutation: Spells you cast may paralyse adjacent
                  | enemies. [demonic ancestry]
   229 | D:1      | Reached XP level 2. HP: 16/24 MP: 2/2
   570 | D:1      | XOM: silly message
   704 | D:1      | Found Zalyxiwa's General Store.
  1024 | D:2      | Reached XP level 3. HP: 28/29 MP: 3/3
  1097 | D:2      | XOM: cast spell 'Summon Mana Viper'
  1111 | D:2      | Gained mutation: A meltable shield of frost defends you.
                  | (SH +0) [demonic ancestry]
  1111 | D:2      | Reached XP level 4. HP: 16/35 MP: 4/4
  1753 | D:2      | XOM: enchant monster (good)
  1776 | D:2      | Found a runed translucent door.
  1777 | D:2      | Noticed Crazy Yiuf
  2009 | D:2      | XOM: give mutation
  2009 | D:2      | Gained mutation: You have large cloven feet. [Xom's grace]
  2031 | D:2      | Reached skill level 1 in Shields
  2208 | D:2      | XOM: give mutations
  2208 | D:2      | Gained mutation: You have sharp fingernails. [Xom's
                  | mischief]
  2208 | D:2      | Gained mutation: You are clumsy. (Dex -2) [Xom's mischief]
  2347 | D:2      | XOM: silly message
  2350 | D:2      | XOM: enchant monster (bad)
  2363 | D:2      | XOM: give mutations
  2363 | D:2      | Gained mutation: You occasionally shout uncontrollably at
                  | your foes. [Xom's mischief]
  2363 | D:2      | Gained mutation: You sometimes lose the ability to read
                  | scrolls when taking damage. [Xom's mischief]
  2363 | D:2      | Lost mutation: You sometimes lose the ability to read
                  | scrolls when taking damage. [Xom's mischief]
  2363 | D:2      | Gained mutation: Your body sometimes deteriorates upon
                  | taking damage. [Xom's mischief]
  2373 | D:2      | Slain by Crazy Yiuf

Illustrated notes

Levels and vault maps discovered:
D:1:      dpeg_arrival_rooms_a, layout_basic, serial_shops, nicolae_diamond_shop
D:2:      layout_loops_corners, kennysheep_doodads, corexii_hall_statues_x,
          uniq_crazy_yiuf_cottage

Skill      XL: |  1  2  3  4 |
---------------+-------------+-----
Dodging        | 1 2 |  2.0
Armour         | 2 |  2.5
Maces & Flails | 3 |  3.3
Shields        | 1 |  1.0
Fighting       | |  3.6

Action                   |  1- 3 |  4- 6 || total
-------------------------+-------+-------++-------
Melee: Mace              |    69 |    43 ||   112
       Morningstar       |       |    25 ||    25
       Kick              |       |     2 ||     2
 Stab: Petrifying        |       |     1 ||     1
Armor: Leather armour    |    24 |    12 ||    36
Dodge: Dodged            |    69 |    41 ||   110
Block: Buckler           |     3 |    20 ||    23

Table legend: (Time is in decaauts)
 A = Elapsed time spent in this place.
 B = Non-inter-level travel time spent in this place.
 C = Inter-level travel time spent in this place.
 D = Time resting spent in this place.
 E = Time spent auto-exploring this place.
 F = Levels seen in this place.
 G = Mean time per level.
                   A        B        C        D        E       F      G
               +--------+--------+--------+--------+--------+-----+--------+
         Total |   2414 |   2366 |     48 |      0 |   1981 |   2 | 1207.0 |
       Dungeon |   2414 |   2366 |     48 |      0 |   1981 |   2 | 1207.0 |
               +--------+--------+--------+--------+--------+-----+--------+

Top non-repeatable levels by time:
     D:2: 1436 daAuts
     D:1: 977 daAuts
